Map: Ruins of Endion

Players

Fropez - Winner!

  • Race: Protoss Protoss
  • League: Silver
  • Spawn Location: 5:00

MacDaddy

  • Race: Protoss Protoss
  • League: Silver
  • Spawn Location: 7:00

VOD

Have the link to the VOD?

Description

Time

  • Played on: May 23, 2016, 9:31 a.m.
  • Length: 21:00
Show
View Real Time Build Order
Export as new Build Order

Fropez Protoss - Winner!

Build Orders:  

Get SALT Encoding   

  12  0:03  Probe (Chrono Boost)  
  13  0:16  Probe (Chrono Boost)  
  14  0:22  Pylon  
  14  0:35  Probe (Chrono Boost)  
  15  0:42  Gateway  
  15  0:45  Probe (Chrono Boost)  
  16  0:50  Assimilator  
  16  0:56  Probe (Chrono Boost)  
  17  1:03  Pylon  
  17  1:06  Probe (Chrono Boost)  
  18  1:12  Assimilator  
  18  1:17  Probe (Chrono Boost)  
  18  1:33  Cybernetics Core  
  18  1:41  Probe (Chrono Boost)  
  18  1:43  Forge  
  19  1:51  Probe (Chrono Boost)  
  22  2:10  Probe  
  23  2:19  Protoss Ground Weapons Level 1  
  23  2:20  Warp Gate (Chrono Boost)  
  23  2:24  Stalker  
  23  2:29  Probe  
  24  2:30  Gateway  
  24  2:41  Probe  
  24  2:42  Pylon  
  25  2:53  Probe  
  26  3:02  Stalker  
  28  3:05  Probe  
  29  3:17  Probe  
  30  3:30  Probe  
  30  3:32  Pylon  
  31  3:42  Mothership Core  
  33  3:56  Gateway  
  33  4:03  Probe  
  33  4:09  Stalker x2  
  38  4:15  Nexus  
  38  4:16  Probe  
  39  4:37  Stalker x2  
  44  4:38  Probe  
  44  5:07  Probe  
  44  5:08  Stalker  
  44  5:12  Protoss Ground Armor Level 1  
  47  5:17  Pylon  
  47  5:24  Pylon  
  47  5:26  Probe  
  48  5:30  Probe  
  49  5:39  Probe  
  49  5:41  Robotics Facility  
  49  5:42  Probe  
  50  5:46  Pylon  
  51  5:51  Gateway  
  51  5:52  Probe  
  51  5:53  Assimilator  
  52  5:57  Assimilator  
  52  5:58  Probe  
  52  5:59  Pylon  
  53  6:04  Photon Cannon  
  53  6:16  Stalker x2  
  57  6:19  Stalker  
  57  6:21  Probe x2  
  61  6:28  Observer  
  62  6:36  Twilight Council, Probe  
  62  6:37  Probe  
  62  6:39  Pylon  
  59  7:05  Stalker x4  
  61  7:20  Probe x2  
  62  7:31  Probe, Stalker x4  
  71  7:39  Blink (Chrono Boost)  
  71  7:43  Observer, Probe  
  73  7:44  Probe  
  74  7:51  Protoss Ground Weapons Level 2  
  74  7:59  Probe x2  
  76  8:11  Probe  
  77  8:16  Probe  
  78  8:25  Stalker x4  
  86  8:29  Probe x2  
  88  8:46  Probe  
  88  8:47  Probe  
  90  8:51  Stalker x3  
  75  9:26  Stalker x4  
  83  9:32  Immortal  
  87  9:45  Probe  
  88  9:48  Probe  
  88  9:49  Gateway x2  
  88  9:50  Pylon  
  88  9:52  Pylon, Robotics Facility  
  89  9:57  Probe  
  89  9:58  Pylon  
  89  9:59  Probe  
  91  10:14  Observer  
  92  10:18  Protoss Ground Weapons Level 3 (Chrono Boost)  
  92  10:28  Pylon  
  92  10:33  Stalker x4  
  92  10:35  Immortal  
  104  10:55  Probe  
  104  10:56  Probe  
  92  11:31  Stalker x4  
  92  11:35  Immortal x2  
  100  11:53  Nexus, Probe  
  101  11:55  Assimilator  
  101  12:00  Assimilator  
  101  12:01  Pylon  
  101  12:05  Pylon  
  101  12:06  Probe x2  
  101  12:08  Pylon  
  103  12:09  Pylon  
  95  12:42  Stalker x3  
  95  12:43  Stalker x3  
  105  12:56  Immortal  
  109  13:04  Photon Cannon  
  109  13:36  Immortal  
  89  14:28  Stalker x3  
  89  14:29  Stalker x3  
  91  14:33  Immortal x2  
  99  14:43  Templar Archives  
  99  14:46  Gateway  
  99  14:50  Gateway  
  99  14:53  Stalker  
  99  14:54  Stalker x3  
  102  15:09  Pylon  
  102  15:10  Pylon  
  101  15:36  Stalker x3  
  101  15:37  Stalker x3  
  113  15:48  High Templar x2  
  117  15:52  Pylon, Archon  
  117  16:05  High Templar  
  117  16:06  High Templar x5  
  117  16:10  Archon x2  
  117  16:11  Archon  
  129  16:35  Pylon  
  129  16:44  Stalker x7  
  129  16:45  Stalker  
  96  17:33  Pylon  
  96  17:35  High Templar  
  96  17:36  High Templar x4  
  106  17:58  Assimilator  
  106  17:59  Observer  
  106  18:01  Protoss Ground Armor Level 2 (Chrono Boost), Assimilator  
  106  18:03  Pylon  
  106  18:05  Pylon  
  107  18:06  Archon x2  
  107  18:11  Zealot x5  
  107  18:12  Zealot x3  
  123  18:17  Charge  
  122  19:04  Zealot x4  
  122  19:05  Zealot x3  
  122  19:06  Zealot  
  134  19:50  Stalker x2  
  134  19:51  Stalker x6  
  148  20:01  Photon Cannon  
  148  20:05  Pylon  
  146  20:07  Nexus  
  146  20:11  Pylon  
  146  20:13  Pylon  
  146  20:19  Pylon  
Show
View Real Time Build Order
Export as new Build Order

MacDaddy Protoss 

Build Orders: Oracle Opening 

Get SALT Encoding   

  12  0:02  Probe (Chrono Boost)  
  13  0:16  Pylon  
  13  0:24  Probe (Chrono Boost)  
  14  0:35  Probe (Chrono Boost)  
  15  0:42  Gateway  
  15  0:47  Probe (Chrono Boost)  
  16  0:53  Forge  
  16  0:58  Probe (Chrono Boost)  
  16  1:01  Assimilator  
  17  1:11  Assimilator  
  17  1:12  Probe (Chrono Boost)  
  18  1:41  Zealot  
  18  1:43  Cybernetics Core  
  20  1:51  Pylon  
  19  2:22  Nexus  
  19  2:25  Probe (Chrono Boost)  
  20  2:39  Stargate  
  20  2:47  Mothership Core (Chrono Boost)  
  22  2:57  Pylon  
  22  3:03  Warp Gate  
  22  3:08  Probe (Chrono Boost)  
  23  3:19  Probe (Chrono Boost)  
  24  3:29  Pylon  
  24  3:39  Zealot  
  26  3:46  Oracle (Chrono Boost)  
  29  3:50  Probe  
  30  3:57  Protoss Ground Weapons Level 1  
  30  4:00  Probe  
  30  4:01  Probe  
  32  4:07  Pylon  
  32  4:18  Oracle (Chrono Boost)  
  35  4:27  Pylon  
  35  4:39  Photon Cannon  
  35  4:46  Photon Cannon  
  33  5:09  Photon Cannon  
  33  5:10  Pylon  
  33  5:11  Probe  
  34  5:16  Zealot  
  36  5:22  Probe  
  37  5:35  Photon Cannon  
  37  5:43  Photon Cannon  
  37  5:48  Pylon, Probe  
  38  5:58  Probe  
  39  6:08  Zealot  
  39  6:09  Probe  
  42  6:14  Gateway  
  42  6:15  Gateway  
  42  6:16  Probe  
  43  6:20  Probe  
  44  6:27  Protoss Ground Armor Level 1 (Chrono Boost)  
  44  6:28  Probe  
  44  6:30  Probe  
  46  6:34  Assimilator  
  46  6:38  Assimilator  
  46  6:41  Probe  
  46  6:46  Photon Cannon  
  47  6:51  Probe  
  48  7:02  Probe  
  49  7:22  Probe  
  49  7:24  Photon Cannon  
  50  7:31  Stalker  
  50  7:33  Probe  
  50  7:35  Void Ray (Chrono Boost)  
  57  7:44  Robotics Facility  
  57  7:49  Photon Cannon  
  57  7:52  Photon Cannon  
  57  7:56  Protoss Air Weapons Level 1  
  57  7:58  Stalker x2  
  57  7:59  Stalker  
  57  8:04  Probe  
  64  8:07  Void Ray (Chrono Boost), Probe  
  69  8:16  Probe  
  69  8:19  Probe  
  71  8:22  Twilight Council  
  71  8:28  Probe  
  72  8:37  Pylon  
  72  8:39  Pylon  
  72  8:40  Probe  
  57  9:19  Stalker x3  
  57  9:20  Void Ray  
  61  9:29  Immortal  
  69  9:33  Charge  
  69  9:38  Protoss Ground Weapons Level 2 (Chrono Boost)  
  69  9:51  Gateway  
  69  9:52  Gateway  
  69  10:08  Immortal  
  73  10:19  Stalker  
  73  10:20  Zealot x2  
  79  10:22  Probe  
  80  10:34  Probe  
  81  11:02  Zealot x2  
  78  11:46  Pylon  
  78  11:49  Pylon  
  78  11:59  Oracle  
  81  12:11  Pylon  
  78  12:25  Pylon  
  78  12:54  Zealot x4  
  78  12:55  Zealot  
  88  12:59  Nexus  
  88  13:02  Probe  
  89  13:14  Pylon  
  89  13:18  Pylon  
  92  13:21  Zealot x2  
  92  13:22  Pylon, Zealot x3  
  106  13:35  Fleet Beacon  
  89  14:26  Protoss Ground Weapons Level 3 (Chrono Boost)  
  89  14:34  Probe  
  89  14:38  Oracle  
  90  14:45  Probe  
  90  14:51  Pylon  
  90  14:52  Pylon, Immortal  
  91  14:54  Pylon  
  91  14:55  Pylon, Probe  
  92  15:02  Pylon  
  92  15:04  Pylon  
  92  15:06  Probe  
  92  15:09  Oracle  
  93  15:16  Probe  
  93  15:31  Immortal  
  93  15:39  Tempest  
  93  15:45  Zealot  
  93  15:46  Zealot x4  
  107  15:53  Probe  
  108  15:57  Assimilator  
  108  16:01  Assimilator  
  108  16:03  Probe, Photon Cannon  
  108  16:08  Photon Cannon  
  108  16:10  Photon Cannon  
  109  16:14  Probe  
  109  16:15  Photon Cannon  
  109  16:16  Tempest  
  110  16:18  Photon Cannon  
  110  16:22  Nexus  
  110  16:24  Probe  
  114  16:25  Zealot x2  
  114  16:26  Pylon, Zealot  
  114  16:29  Pylon  
  121  16:33  Pylon  
  121  16:34  Stargate  
  121  16:35  Probe  
  121  16:36  Pylon  
  122  16:41  Protoss Ground Armor Level 2 (Chrono Boost)  
  122  16:42  Pylon  
  122  16:48  Photon Cannon  
  122  16:50  Photon Cannon  
  122  16:54  Protoss Air Weapons Level 2  
  61  17:29  Stalker x3  
  54  17:30  Stalker x2  
  54  17:31  Tempest  
  62  17:40  Probe  
  63  17:51  Probe  
  63  17:54  Probe  
  63  17:55  Pylon  
  63  17:56  Pylon  
  65  18:05  Probe  
  65  18:06  Phoenix  
  68  18:15  Probe  
  69  18:26  Probe  
  69  18:30  Photon Cannon  
  69  18:31  Photon Cannon  
  70  18:36  Probe  
  63  19:05  Photon Cannon, Zealot x3  
  63  19:07  Photon Cannon  
  69  19:17  Photon Cannon  
  51  19:43  Probe  
  36  19:53  Probe  
  37  20:04  Probe  
  38  20:14  Probe  
Tags
 
Matchup
PvP
Replay Pack
All Mines
Spawn Locations
Close Positions
Add a new tag
Caveats
  • Supply blocks, unpowered buildings, or Contaminate may cause inaccurate times.
  • Supply counts are checked every 10 seconds.